 Dungeon Crawl Stone Soup version 0.31.0-32-g396128a36d (webtiles) character file.

Game seed: 3050211393690764601

3004 hawla the Arsonist (level 9, -2/55 HPs)
             Began as a Deep Elf Fire Elementalist on Mar 25, 2024.
             Was a Follower of Vehumet.
             Incinerated by a bombardier beetle (6 damage)
             ... with a burning spray
             ... on level 7 of the Dungeon.
             The game lasted 00:17:42 (7442 turns).

hawla the Arsonist (Deep Elf Fire Elementalist)     Turns: 7442, Time: 00:17:42

Health: -2/55      AC: 11    Str:  9    XL:     9   Next: 54%
Magic:  11/27      EV: 12    Int: 24    God:    Vehumet [*.....]
Gold:   339        SH:  0    Dex: 14    Spells: 6/18 levels left

rFire   . . .        b - +0 falchion (flame)
rCold   . . .        (no shield)
rNeg    . . .        k - +1 steam dragon scales
rPois   .            (no helmet)
rElec   .            v - +2 cloak {Stlth+}
rCorr   .            d - +0 pair of gloves {infuse}
SInv    .            m - +0 pair of boots
Will    .....        (no amulet)
Stlth   +            e - ring of magical power
HPRegen 0.29/turn    (no ring)
MPRegen 0.20/turn

%: infuse magic (1 MP)
@: confused, lethally poisoned (-2 -> -23), on fire, ambrosia-drunk, very
slightly contaminated, glowing
A: strong 1, wild magic 1, persistent drain
a: Renounce Religion


You were on level 7 of the Dungeon.
You worshipped Vehumet.
Vehumet was aware of your devotion.
You visited 1 branch of the dungeon, and saw 7 of its levels.

You collected 339 gold pieces.

Inventory:

Hand Weapons
 b - a +0 falchion of flaming (weapon)
Armour
 d - a +0 pair of gloves of infusion (worn)
 k - +1 steam dragon scales (worn)
 m - a +0 pair of boots (worn)
 v - a +2 cloak of stealth (worn)
Magical Staves
 i - a staff of alchemy
Jewellery
 a - a ring of see invisible
 e - a ring of magical power (left hand)
Wands
 r - a wand of acid (4)
Scrolls
 f - 2 scrolls of amnesia
 g - a scroll of torment
 j - a scroll of poison
 l - 2 scrolls of blinking {unknown}
 q - 2 scrolls of teleportation
 t - a scroll of immolation
 u - a scroll of revelation {unknown}
Potions
 c - a potion of degeneration
 s - 2 potions of enlightenment


   Skills:
 - Level 6.2 Fighting
 - Level 2.4 Dodging
 - Level 2.4 Stealth
 + Level 5.0 Spellcasting
 - Level 8.0 Conjurations
 * Level 8.0 Fire Magic
 - Level 3.0 Ice Magic
 - Level 2.0 Air Magic


You had 6 spell levels left.
You knew the following spells:

 Your Spells              Type           Power      Damage    Failure   Level
a - Foxfire               Conj/Fire      100%       2x1d9     1%          1
b - Scorch                Fire           100%       2d9       1%          2
c - Flame Wave            Conj/Fire      55%        2d13      5%          4
d - Freezing Cloud        Conj/Ice/Air   17%        6-21      47%         5

Your spell library contained the following spells:

 Spells                   Type           Power      Damage    Failure   Level
 Shock                    Conj/Air       100%       1d9       2%          1
 Freeze                   Ice            100%       1d10      4%          1
 Hailstorm                Conj/Ice       42%        3d9       4%          3
 Inner Flame              Hex/Fire       33%        N/A       8%          3
 Volatile Blastmotes      Fire/Tloc      66%        2d15      8%          3
 Mephitic Cloud           Conj/Alch/Air  28%        N/A       11%         3
 Frozen Ramparts          Ice            52%        1d8       12%         3
 Mercury Vapours          Alch/Air       28%        N/A       13%         2
 Ignite Poison            Fire/Alch      33%        N/A       24%         4
 Sticky Flame             Fire/Alch      33%        2d7       24%         4
 Ignition                 Fire           27%        3d9       100%        8


Dungeon Overview and Level Annotations

Branches:
Dungeon (7/15)             Temple (0/1) D:4

Altars:
Elyvilon
Hepliaklqana
Makhleb
Qazlal
Trog
Vehumet
Wu Jian
Yredelemnul

Shops:
D:4 (   D:5 :

Annotations:
D:4 Sigmund


Innate Abilities, Weirdness & Mutations

Your muscles are strong. (Str +4, Int/Dex -1)
Your spells are a little harder to cast, but a little more powerful.
Your health recovers twice as slowly from being drained.


Message History

The bombardier beetle is no longer more vulnerable to fire.
The foxfire hits the bombardier beetle.
The bombardier beetle is severely wounded.
The foxfire hits the bombardier beetle!
You kill the bombardier beetle!
Vehumet accepts your kill.
Casting: Scorch (safe; 1% risk of failure)
Confirm with . or Enter, or press ? or * to list all spells.
You conjure some foxfire!
The liquid fire burns you!
Casting: Foxfire (safe; 1% risk of failure)
Confirm with . or Enter, or press ? or * to list all spells.
Aiming: Freezing Cloud (extremely dangerous; 47% risk of failure)
Press: ? - help, Dir - move target You miscast Freezing Cloud.
You feel a sudden electric shock!! The liquid fire burns you!
* * * LOW HITPOINT WARNING * * *
The foxfire hits the orc warrior.
The orc warrior is lightly wounded.
The foxfire hits the orc warrior.
The orc warrior is moderately wounded.
Casting: Freezing Cloud (extremely dangerous; 47% risk of failure)
Confirm with . or Enter, or press ? or * to list all spells.
Casting: Flame Wave (dangerous; 5% risk of failure)
Press: ? - help, Dir - look around, f - activate A wave of flame ripples out!
The flame wave engulfs the orc warrior.
The orc warrior is moderately wounded.
The flame wave engulfs the orc!!
You kill the orc!
Vehumet accepts your kill. (Press . to intensify the flame waves.)
The liquid fire burns you!
* * * LOW HITPOINT WARNING * * *
The orc warrior hits you with a +0 broad axe of venom!
* * * LOW HITPOINT WARNING * * *
You are lethally poisoned!
You are confused.
You feel invigorated. The liquid fire burns you!
You die...

#.#
##...##.#..###
########.##.#..#
#........#...# #
+.....##>....#
#(
#.....######.#
#.####.....# #.#
###....##'####
#.#
##...........#
.......@##.#.#
#.....o)...#.#
#......).......
#............##
#.....$......#
#.........#..#
#.........#..#
#.........# .#


You could see an orc warrior.

Vanquished Creatures
  Pikel (D:5)
  A komodo dragon (D:7)
  Eustachio (D:4)
  A steam dragon (D:6)
  Edmund (D:4)
  Duvessa (D:4)
  A water moccasin (D:5)
  A black bear (D:5)
  An ogre (D:4)
  2 centaurs
  A phantom (D:6)
  A weeping skull (D:4)
  A lemure (D:5)
  A gnoll sergeant (D:6)
  3 scorpions
  Dowan (D:4)
  4 bombardier beetles
  A gnoll bouda (D:5)
  5 hounds
  An orc priest (D:5)
  Crazy Yiuf (D:5)
  A jelly (D:7)
  An iguana (D:5)
  Ijyb (D:4)
  5 orc wizards
  6 adders
  18 gnolls
  A shadow imp (D:7)
  A white imp (D:5)
  2 ufetubi (D:6)
  2 dart slugs
  2 ribbon worms
  21 orcs
  2 ball pythons
  9 endoplasms
  5 giant cockroaches
  5 goblins
  5 hobgoblins
  2 jackals (D:4)
  5 quokkas
  3 bats
  5 frilled lizards
  16 kobolds
  4 rats
  A spectral orc (D:4)
154 creatures vanquished.

Vanquished Creatures (others)
  294 foxfires
294 creatures vanquished.

Grand Total: 448 creatures vanquished

Notes
Turn   | Place    | Note
-------+----------+-------------------------------------------
     0 | D:1      | hawla the Deep Elf Fire Elementalist began the quest for
                  | the Orb.
     0 | D:1      | Reached XP level 1. HP: 10/10 MP: 6/6
    57 | D:1      | You fall into a shaft and drop 1 floor!
   164 | D:2      | Reached XP level 2. HP: 15/15 MP: 5/8
   186 | D:1      | Learned a level 2 spell: Scorch
   618 | D:1      | Reached XP level 3. HP: 19/19 MP: 9/9
  1082 | D:2      | Reached skill level 5 in Fire Magic
  1237 | D:2      | Identified the +1 plate armour "Zovvithrorr" {Will+}
  1733 | D:2      | Found a faded altar of an unknown god.
  1862 | D:3      | Reached XP level 4. HP: 24/24 MP: 10/10
  1886 | D:3      | Reached XP level 5. HP: 19/28 MP: 8/11
  2167 | D:3      | Learned a level 4 spell: Flame Wave
  2386 | D:3      | Found a hazy altar of Hepliaklqana.
  2449 | D:3      | Found a bloodstained altar of Trog.
  2743 | D:3      | Found an ornate altar of the Wu Jian Council.
  2875 | D:4      | Reached XP level 6. HP: 18/32 MP: 12/12
  3298 | D:4      | Found a white marble altar of Elyvilon.
  3309 | D:4      | Found Edacs's Antique Weapon Shop.
  3514 | D:4      | Noticed Ijyb
  3521 | D:4      | Killed Ijyb
  3577 | D:4      | Found a basalt altar of Yredelemnul.
  3587 | D:4      | Reached skill level 1 in Air Magic
  3587 | D:4      | Reached XP level 7. HP: 34/37 MP: 15/15
  3593 | D:4      | Learned a level 5 spell: Freezing Cloud
  3738 | D:4      | Found a staircase to the Ecumenical Temple.
  3776 | D:4      | Noticed Eustachio
  3785 | D:4      | Killed Eustachio
  3974 | D:4      | Noticed Dowan
  3975 | D:4      | Noticed Duvessa
  3978 | D:4      | Killed Dowan
  3978 | D:4      | Noticed Edmund
  3979 | D:4      | Noticed Sigmund
  4228 | D:4      | Found a radiant altar of Vehumet.
  4243 | D:4      | Gained mutation: Your spells are a little harder to cast,
                  | but a little more powerful. [potion of mutation]
  4243 | D:4      | Gained mutation: Your health recovers twice as slowly from
                  | being drained. [potion of mutation]
  4243 | D:4      | Gained mutation: Your muscles are strong. (Str +4, Int/Dex
                  | -1) [potion of mutation]
  4248 | D:4      | Became a worshipper of Vehumet
  4350 | D:4      | Killed Duvessa
  4351 | D:4      | Reached skill level 5 in Spellcasting
  4351 | D:4      | Reached skill level 1 in Fighting
  4365 | D:4      | Killed Edmund
  4550 | D:5      | Entered Level 5 of the Dungeon
  4559 | D:5      | Found Uddullihie's Self-Published Books.
  4574 | D:5      | Noticed Pikel
  4581 | D:5      | Killed Pikel
  4582 | D:5      | Reached skill level 5 in Conjurations
  4582 | D:5      | Reached XP level 8. HP: 45/46 MP: 14/17
  4721 | D:5      | Noticed an air elemental
  4722 | D:5      | Found a stormy altar of Qazlal.
  5418 | D:6      | Reached * piety under Vehumet
  5418 | D:6      | Offered knowledge of Shock by Vehumet.
  5427 | D:6      | Reached XP level 9. HP: 50/52 MP: 3/18
  5983 | D:5      | Reached skill level 5 in Fighting
  6516 | D:5      | Found a runed translucent door.
  6517 | D:5      | Noticed Crazy Yiuf
  6564 | D:5      | Identified the +0 robe of the Harvest Moon {Will+}
  6690 | D:5      | Killed Crazy Yiuf
  7132 | D:7      | Found a burning altar of Makhleb.
  7281 | D:7      | Noticed a komodo dragon
  7288 | D:7      | Killed a komodo dragon
  7442 | D:7      | Incinerated by a bombardier beetle

Illustrated notes

Levels and vault maps discovered:
D:1:      dpeg_arrival_leaves_temple_mockup, layout_rooms, minmay_tiny_reverse_x
D:2:      layout_basic, dilly_ecumenical_altar_fadedgnrine, corexii_shack,
          corexii_hall_statues_i, minmay_misc_feat_secret_circle
D:3:      layout_loops_ring, lemuel_coloured_pillars_altar,
          mainiacjoe_overflow_six_doors_small,
          nicolae_wu_jian_immortal_techniques,
          nicolae_concentric_dashed_squares_wild
D:4:      layout_gridville, elyvilon_altar_1, fiery_altar_vehumet,
          yredelemnul_forgotten_temple_becter, minmay_temple_entry_glassed_door,
          serial_shops, shop, sigmund_edmund_badplayer, uniq_ijyb,
          uniq_eustachio, uniq_duvessa
D:5:      layout_basic, nicolae_qazlal_style_of_elements, nicolae_custom_books,
          kennysheep_small_square, uniq_sigmund, uniq_pikel, uniq_edmund,
          uniq_crazy_yiuf_cottage
D:6:      layout_basic
D:7:      layout_basic, mainiacjoe_overflow_brackets, serial_shops, shop,
          uniq_jeremiah

Skill      XL: |  1  2  3  4  5  6  7  8  9 |
---------------+----------------------------+-----
Fire Magic     | 4 5 6 7 8 |  8.0
Conjurations   | 2 5 6 8 |  8.0
Spellcasting   | 4 5 |  5.0
Ice Magic      | 2 3 |  3.0
Air Magic      | 1 2 |  2.0
Fighting       | 3 4 6 |  6.2
Dodging        | |  2.4
Stealth        | |  2.4

Action                     |  1- 3 |  4- 6 |  7- 9 || total
---------------------------+-------+-------+-------++-------
  Melee: Unarmed           |    12 |       |       ||    12
         Falchion          |       |    29 |    41 ||    70
         Punch             |       |       |     2 ||     2
   Cast: Foxfire           |    69 |    50 |    54 ||   173
         Scorch            |     5 |    32 |    51 ||    88
         Flame Wave        |       |     1 |     8 ||     9
         Freezing Cloud    |       |       |     1 ||     1
    Use: Scroll            |     3 |     1 |     9 ||    13
         Potion            |       |     3 |     3 ||     6
   Stab: Sleeping          |       |       |     5 ||     5
 Armour: Robe              |    19 |    37 |    30 ||    86
         Steam dragon scal |       |       |    33 ||    33
  Dodge: Dodged            |    14 |    34 |    72 ||   120
